Map: Lost and Found LE

Players

Knight - Winner!

  • Race: Terran Terran
  • League: Diamond
  • Spawn Location: 7:00

blitzkrieg

  • Race: Protoss Protoss
  • League: Diamond
  • Spawn Location: 1:00

VOD

Have the link to the VOD?

Description

Time

  • Played on: Oct. 21, 2018, 11:05 a.m.
  • Length: 8:30
Show
View Real Time Build Order
Export as new Build Order

Knight Terran - Winner!

Build Orders: Reaper Expand, MMM Bio, Banshee Rush 

Get SALT Encoding   

  12  0:00  SCV  
  13  0:12  SCV  
  14  0:17  Supply Depot  
  14  0:25  SCV  
  15  0:38  SCV  
  15  0:40  Barracks  
  16  0:45  Refinery  
  16  0:50  SCV  
  17  1:02  SCV  
  18  1:14  SCV  
  19  1:28  Orbital Command  
  19  1:29  Reaper  
  20  1:48  Command Center  
  20  1:55  SCV  
  21  2:06  Factory  
  21  2:08  SCV  
  22  2:14  Supply Depot  
  22  2:22  SCV  
  23  2:25  Barracks Reactor  
  23  2:39  SCV  
  23  2:42  Barracks  
  24  2:45  Refinery  
  24  2:51  SCV  
  25  3:00  Starport  
  25  3:01  Orbital Command  
  25  3:05  Marine x2  
  27  3:07  Bunker, SCV  
  28  3:19  Orbital Command  
  28  3:22  Factory Tech Lab  
  28  3:23  Marine x2  
  28  3:24  SCV  
  31  3:30  Barracks Tech Lab  
  31  3:31  Barracks  
  31  3:39  SCV  
  32  3:46  SCV  
  33  3:51  SCV  
  33  3:52  Marine x2  
  33  3:54  Cloaking Field  
  37  3:57  Banshee  
  37  3:58  SCV  
  40  4:03  SCV  
  40  4:07  Supply Depot  
  41  4:10  SCV  
  41  4:11  Stimpack  
  41  4:12  Marine  
  41  4:13  Marine  
  41  4:15  SCV, Marine  
  46  4:20  Factory Reactor  
  46  4:28  Marine  
  46  4:29  Supply Depot, SCV, Marine  
  49  4:32  SCV  
  49  4:34  Supply Depot  
  50  4:41  SCV, Engineering Bay, Banshee  
  54  4:51  Supply Depot, SCV  
  55  4:53  SCV  
  56  5:03  SCV, Barracks  
  56  5:05  SCV  
  58  5:08  Marine x2, Factory Reactor  
  58  5:09  Marine  
  61  5:15  SCV  
  62  5:43  SCV x2  
  62  5:44  Barracks  
  62  5:46  Command Center, Refinery  
  62  5:48  Refinery  
  64  5:50  Terran Infantry Weapons Level 1  
  64  5:51  Medivac  
  64  5:53  Barracks Tech Lab  
  64  5:54  Marine x2  
  64  5:55  Marauder, Marine x2  
  72  6:00  Supply Depot  
  71  6:11  Marauder  
  71  6:12  Combat Shields, Marine x3  
  71  6:13  Marine  
  71  6:15  Concussive Shells  
  71  6:16  Marauder  
  71  6:17  SCV  
  78  6:21  Supply Depot  
  78  6:22  SCV  
  78  6:24  Supply Depot  
  79  6:27  Medivac  
  79  6:30  Marine x2  
  83  6:35  Marine x4  
  83  6:36  SCV x2  
  89  6:42  Supply Depot  
  89  6:44  Marauder  
  91  6:48  SCV x2, Marine x2  
  91  6:52  Marine  
  91  6:53  Marine x3  
  99  7:00  Orbital Command  
  99  7:05  Marine  
  99  7:06  Marine x2  
  102  7:11  Marauder  
  90  7:30  Marauder x2, Marine x2  
  91  7:49  Marauder, Marine x2  
  95  7:51  Marauder  
  95  7:52  Orbital Command  
  95  7:53  Armory  
  95  7:54  SCV x2, Engineering Bay  
  99  8:00  Marauder, Marine x2  
  107  8:07  Marine x2  
  107  8:08  Missile Turret  
  111  8:12  Bunker  
Show
View Real Time Build Order
Export as new Build Order

blitzkrieg Protoss 

Build Orders: 1 Gate Expand 

Get SALT Encoding   

  12  0:01  Probe  
  13  0:13  Probe  
  14  0:18  Pylon  
  14  0:24  Probe  
  15  0:32  Probe  
  15  0:38  Gateway  
  15  0:40  Probe  
  16  0:48  Assimilator  
  17  0:51  Probe  
  18  1:03  Probe  
  19  1:27  Nexus  
  19  1:29  Probe  
  20  1:34  Cybernetics Core  
  20  1:41  Probe  
  20  1:43  Assimilator  
  21  1:53  Probe  
  22  1:55  Pylon  
  22  2:03  Stalker  
  24  2:17  Robotics Facility  
  24  2:32  Probe  
  24  2:44  Stalker, Probe  
  24  2:45  Warp Gate  
  24  2:48  Probe  
  28  2:56  Probe  
  29  3:00  Probe  
  29  3:04  Observer  
  31  3:08  Probe  
  33  3:12  Probe  
  33  3:20  Probe  
  33  3:24  Probe  
  33  3:25  Stalker  
  37  3:33  Probe  
  38  3:37  Probe  
  38  3:39  Gateway  
  39  3:41  Gateway  
  39  3:47  Pylon  
  39  3:49  Probe  
  39  3:53  Probe, Observer  
  41  4:03  Probe  
  41  4:07  Shield Battery  
  42  4:10  Probe  
  42  4:12  Assimilator  
  42  4:15  Probe  
  44  4:22  Probe  
  45  4:27  Probe  
  46  4:33  Observer  
  46  4:34  Probe  
  48  4:39  Probe  
  48  4:44  Nexus  
  49  4:47  Shield Battery  
  49  4:53  Probe  
  49  4:54  Pylon  
  49  4:56  Stalker, Observer  
  49  4:57  Stalker  
  54  5:12  Probe x2, Observer  
  56  5:24  Probe x2  
  57  5:33  Observer  
  58  5:36  Probe x2  
  60  5:43  Twilight Council  
  60  5:46  Gateway  
  60  5:48  Gateway, Probe  
  61  5:51  Gateway  
  61  5:57  Forge, Assimilator  
  61  6:00  Forge, Blink  
  61  6:06  Twilight Council, Probe x2  
  61  6:07  Probe  
  61  6:08  Pylon  
  64  6:18  Probe  
  64  6:19  Gateway, Probe x2  
  67  6:30  Stalker x3  
  67  6:31  Probe  
  74  6:36  Observer  
  74  6:37  Immortal  
  74  6:39  Probe x2  
  80  6:48  Sentry x2  
  80  6:53  Pylon  
  84  6:54  Pylon  
  84  7:02  Probe  
  84  7:05  Pylon  
  85  7:09  Probe x2  
  75  7:16  Stalker x2  
  75  7:17  Stalker x2  
  79  7:25  Probe x2  
  79  7:26  Probe  
  74  7:37  Probe x2  
  74  7:38  Probe  
  75  7:46  Gateway  
  75  7:47  Gateway  
  75  7:49  Stalker, Probe x2  
  75  7:50  Stalker x3, Probe  
  86  7:51  Zealot x2  
  86  7:52  Zealot, Gateway  
  86  7:55  Shield Battery  
  86  7:56  Shield Battery  
  92  7:58  Pylon  
  92  7:59  Assimilator  
  92  8:01  Probe x2  
  94  8:06  Gateway  
  94  8:12  Zealot  
  94  8:13  Stalker, Zealot x3  
  94  8:14  Stalker  
  90  8:24  Zealot  
Tags
 
Add a new tag
Caveats
  • Supply blocks, unpowered buildings, or Contaminate may cause inaccurate times.
  • Supply counts are checked every 10 seconds.